 Dungeon Crawl Stone Soup version 0.31-a0-845-g9abc20d24f (webtiles) character file.

Game seed: 17029605607343988166

28 Ethylacetat the Changeling (level 3, -1/23 HPs)
             Began as an Octopode Shapeshifter on Oct 2, 2023.
             Slain by a gnoll
             ... wielding a +0 spear
              (9 damage)
             ... on level 2 of the Dungeon.
             The game lasted 00:00:46 (633 turns).

Ethylacetat the Changeling (Octopode Shapeshifter)   Turns: 633, Time: 00:00:46

Health: -1/23      AC:  1    Str: 13    XL:     3   Next: 12%
Magic:  3/3        EV: 13    Int: 12    God:
Gold:   66         SH:  0    Dex: 13    Spells: 2/2 levels left

rFire   . .          .
                       - Unarmed
rCold   . . .        (no shield)
rNeg    . . .        (helmet currently unavailable)
rPois   .            (no amulet)
rElec   .            (no ring)
rCorr   .            (no ring)
SInv    .            (no ring)
Will    .....        (no ring)
Stlth   ++           (no ring)
HPRegen 0.23/turn    (no ring)
MPRegen 0.08/turn    (no ring)
                     (no ring)

%: no passive effects
@: beast-form
A: beast (slay +1), almost no armour, amphibious, 8 rings, camouflage 1,
gelatinous body 1, (nimble swimmer 1), tentacles
a: Begin Untransformation


You were on level 2 of the Dungeon.
You were a hulking beast.
You visited 1 branch of the dungeon, and saw 2 of its levels.

You collected 66 gold pieces.

Inventory:

Talismans
 b - a beast talisman (active)
 c - a flux talisman
Scrolls
 f - a scroll of blinking {unknown}
 g - a scroll of immolation {unknown}
Potions
 a - a potion of lignification
 d - 2 potions of curing {unknown}
 e - a potion of enlightenment {unknown}


   Skills:
 + Level 1.5 Fighting
 + Level 2.3 Dodging
 + Level 3.2 Unarmed Combat
 * Level 3.4 Shapeshifting


You had 2 spell levels left.
You didn't know any spells.
Your spell library was empty.

Dungeon Overview and Level Annotations

Branches:
Dungeon (2/15)

Altars:

Shops:
D:1 !


Innate Abilities, Weirdness & Mutations

You are a hulking beast.
Your limbs bulge with bestial killing power. (Slay +1)
You cannot wear most types of armour.
You are amphibious.
You can wear up to eight rings at the same time.
Your skin changes colour to match your surroundings (Stealth+).
Your rubbery body absorbs attacks. (AC +1, EV +1)
((You are camouflaged when in or above water. (Stealth+)))
You have tentacles for arms and can constrict up to eight enemies at once.


Message History

A gnoll is nearby!
A gnoll comes into view. It is wielding a +0 spear.
Found a stone staircase leading down.
The gnoll shouts!
There are monsters nearby!
The gnoll closely misses you.
You tentacle-slap the gnoll but do no damage.
You grab the gnoll. You squeeze the gnoll.
The gnoll is moderately wounded.
You constrict the gnoll. The gnoll completely misses you.
You tentacle-slap the gnoll but do no damage.
The gnoll is moderately wounded.
You constrict the gnoll. You bludgeon the gnoll!
You kill the gnoll!
You have reached level 3!
Your experience leads to an increase in your attributes!
Increase (S)trength, (I)ntelligence, or (D)exterity?
You feel agile. x2
A gnoll comes into view. It is wielding a +0 spear.
The gnoll hits you with a +0 spear.
You see here a +0 club.
You barely miss the gnoll.
The gnoll shouts!
You grab the gnoll. You constrict the gnoll.
The gnoll hits you from afar with a +0 spear.
The gnoll barely misses you.
You are too injured to fight recklessly!
You are too injured to fight recklessly!
You are too injured to fight recklessly!
You are too injured to fight recklessly!
You tentacle-slap the gnoll.
The gnoll is moderately wounded.
You constrict the gnoll. The gnoll barely misses you.
The gnoll hits you with a +0 spear.
You bludgeon the gnoll!
The gnoll is severely wounded.
You constrict the gnoll.
The gnoll hits you from afar with a +0 spear!
You die...

#<#####.#
#.# #.#
#.# #.#
..# #.#
###
##.######
#.......#
#..####.#
#..###
#.h..#
#g##.#
#.g .#
#... .
..... .>
###... ##
##.# ##


You could see 2 gnolls.

Vanquished Creatures
  A gnoll (D:2)
  4 endoplasms (D:1)
  A giant cockroach (D:1)
  2 goblins (D:1)
  2 hobgoblins (D:1)
  2 quokkas (D:1)
  A ball python (D:1)
  3 frilled lizards (D:1)
  A kobold (D:1)
17 creatures vanquished.

Notes
Turn   | Place    | Note
-------+----------+-------------------------------------------
     0 | D:1      | Ethylacetat the Octopode Shapeshifter began the quest for
                  | the Orb.
     0 | D:1      | Reached XP level 1. HP: 13/13 MP: 1/1
   158 | D:1      | Found Ihextuz's Distillery.
   273 | D:1      | Reached XP level 2. HP: 18/18 MP: 2/2
   630 | D:2      | Reached XP level 3. HP: 23/23 MP: 3/3
   633 | D:2      | Slain by a gnoll

Illustrated notes

Levels and vault maps discovered:
D:1:      saegor_arrival_simple_a, layout_loops_ring, serial_shops, shop,
          minmay_split_cup_small
D:2:      cheibrodos_greedy_goblins, layout_loops_corners, basic_altar

Action                     || total
---------------------------++-------
  Melee: Unarmed           ||    32
         Tentacles         ||     8
         Constrict         ||     8
         Punch             ||     1
   Stab: Sleeping          ||     5
 Armour: Skin              ||    15
  Dodge: Dodged            ||    15

Table legend: (Time is in decaauts)
 A = Elapsed time spent in this place.
 B = Non-inter-level travel time spent in this place.
 C = Inter-level travel time spent in this place.
 D = Time resting spent in this place.
 E = Time spent auto-exploring this place.
 F = Levels seen in this place.
 G = Mean time per level.
                   A        B        C        D        E       F      G
               +--------+--------+--------+--------+--------+-----+--------+
         Total |    631 |    621 |     10 |      0 |    513 |   2 |  315.5 |
       Dungeon |    631 |    621 |     10 |      0 |    513 |   2 |  315.5 |
               +--------+--------+--------+--------+--------+-----+--------+

Top non-repeatable levels by time:
     D:1: 608 daAuts
     D:2: 22 daAuts
